 Dungeon Crawl Stone Soup version 0.28.0 (webtiles) character file.

Game seed: 12460215220923365151

44 Minsecho the Chucker (level 3, 0/20 HPs)
             Began as a Tengu Arcane Marksman on Feb 14, 2022.
             Succumbed to an adder's poison
             ... on level 2 of the Dungeon.
             The game lasted 00:03:07 (1498 turns).

Minsecho the Chucker (Tengu Arcane Marksman)        Turns: 1498, Time: 00:03:08

Health: 0/20       AC:  3    Str: 12    XL:     3   Next: 62%
Magic:  5/5        EV: 12    Int: 16    God:
Gold:   61         SH:  0    Dex: 14    Spells: 3/4 levels left

rFire   . . .      SeeInvis .   i - +0 spear
rCold   + . .      Faith    .   (no shield)
rNeg    . . .      Spirit   .   a - +0 robe
rPois   .          Reflect  .   g - +1 hat {Int+3}
rElec   .          Harm     .   (no cloak)
rCorr   .          Rampage  .   (no gloves)
Will    .....                   (boots unavailable)
Stlth   +.........              (no amulet)
HPRegen 0.06/turn               k - ring of protection from cold
MPRegen 0.09/turn               (no ring)

@: lethally poisoned (0 -> -5), attractive
A: beak, talons 3
a: no special abilities


You were on level 2 of the Dungeon.
You visited 1 branch of the dungeon, and saw 2 of its levels.

You collected 61 gold pieces.

Inventory:

Hand Weapons
 e - a +0 dagger
 f - a +0 hunting sling
 i - a +0 spear (weapon)
Missiles
 b - 3 javelins (quivered)
 c - a throwing net
Armour
 a - a +0 robe (worn)
 g - a +1 hat of intelligence (worn)
Jewellery
 d - an amulet of faith
 k - a ring of protection from cold (left hand)
 m - a ring of protection from cold
Scrolls
 h - a scroll of identify {unknown}


   Skills:
 + Level 1.1 Fighting
 + Level 1.0 Polearms
 + Level 2.7 Throwing
 + Level 2.6 Dodging
 + Level 0.1 Stealth
 + Level 1.0 Spellcasting
 + Level 2.6 Hexes


You had 3 spell levels left.
You knew the following spells:

 Your Spells              Type           Power      Damage    Failure   Level
a - Slow                  Hex            36%        N/A       8%          1

Your spell library contained the following spells:

 Spells                   Type           Power      Damage    Failure   Level
 Inner Flame              Hex/Fire       4%         N/A       38%         3
 Portal Projectile        Hex/Tloc       8%         N/A       38%         3
 Cause Fear               Hex            4%         N/A       61%         4


Dungeon Overview and Level Annotations

Branches:
Dungeon (2/15)

Altars:


Innate Abilities, Weirdness & Mutations

You have a beak for a mouth.
You have claws for feet.


Message History

The giant cockroach barely misses you.
You hit the giant cockroach. You claw the giant cockroach.
You kill the giant cockroach!
You swing at nothing.
You start resting.
HP restored.
c - a throwing net;
b - 2 javelins
b - 4 javelins (gained 2)
An adder comes into view.
Found a white potion.
The adder hisses angrily.
You hear a shout!
An adder is nearby!
A goblin comes into view. It is wielding a +0 dagger.
You reach to attack!
You hit the adder.
The adder is moderately wounded.
You closely miss the adder.
The adder is moderately wounded.
The adder bites you but does no damage. The adder bites you.
You are poisoned.
The adder poisons you!
You hit the adder.
The adder is severely wounded.
You feel sick. The adder closely misses you.
You miss the adder. Your kick misses the adder.
The adder is severely wounded.
You feel sick. The adder bites you. The goblin closely misses you.
You throw a javelin. The javelin closely misses the adder.
You feel sick. The adder bites you. x2
* * * LOW HITPOINT WARNING * * *
You are lethally poisoned!
The adder poisons you! The goblin closely misses you.
You are too injured to fight recklessly!
* * * LOW HITPOINT WARNING * * *
You feel sick. The adder bites you.
* * * LOW HITPOINT WARNING * * *
* * * LOW HITPOINT WARNING * * *
You feel sick.
It was a potion of attraction.
You feel attractive to monsters.
You die...

......#..###.### #
#............... ..
#...........#.## ..#
##.#..#..##...####...#
.....................#
#####...............##
###.#####g.....!.( #.#
#S######## #.#####@#
#.......# #########


You could see an adder and a goblin.

Vanquished Creatures
  An adder (D:2)
  An endoplasm (D:2)
  2 giant cockroaches (D:2)
  2 goblins (D:1)
  4 jackals (D:1)
  2 kobolds (D:1)
  A quokka (D:1)
  5 ball pythons (D:1)
  A bat (D:1)
  16 frilled lizards
  4 rats (D:1)
39 creatures vanquished.

Vanquished Creatures (others)
  5 plants (D:1)
5 creatures vanquished.

Grand Total: 44 creatures vanquished

Notes
Turn   | Place    | Note
-------+----------+-------------------------------------------
     0 | D:1      | Minsecho the Tengu Arcane Marksman began the quest for the
                  | Orb.
     0 | D:1      | Reached XP level 1. HP: 12/12 MP: 3/3
   157 | D:1      | Reached XP level 2. HP: 13/16 MP: 4/4
   389 | D:1      | Found a faded altar of an unknown god.
   844 | D:1      | Reached XP level 3. HP: 15/20 MP: 5/5
  1296 | D:2      | Reached skill level 1 in Polearms
  1497 | D:2      | HP: 1/20 [poisoned by an adder]
  1498 | D:2      | Succumbed to an adder's poison

Illustrated notes

Levels and vault maps discovered:
D:1:      minmay_arrival_four_houses, layout_loops_cross,
          hellmonk_ecumenical_altar_crossroads, minmay_lizard_king
D:2:      layout_loops_ring, basic_altar, kennysheep_path_1, st_stairs_10,
          kennysheep_generic_room_15

Skill      XL: |  1  2  3 |
---------------+----------+-----
Polearms       | 1 |  1.0
Fighting       | |  1.1
Throwing       | |  2.7
Dodging        | |  2.6
Stealth        | |  0.1
Spellcasting   | |  1.0
Hexes          | |  2.6

Action                   || total
-------------------------++-------
Melee: Dagger            ||    15
       Kick              ||    17
       Spear             ||    69
       Peck              ||     4
Throw: Javelin           ||    33
       Throwing net      ||     2
  Use: Potion            ||     2
Armor: Robe              ||    25
Dodge: Dodged            ||    73
